 Dungeon Crawl Stone Soup version 0.21.1-1-g345015fe64 (webtiles) character file.

688 Greboboi the Chopper (level 7, 0/60 HPs)
             Began as a Hill Orc Fighter on June 14, 2018.
             Was an Initiate of Ashenzari.
             Slain by Greboboi's ghost (14 damage)
             ... on level 5 of the Dungeon.
             The game lasted 00:15:58 (4646 turns).

Greboboi the Chopper (Hill Orc Fighter)             Turns: 4646, Time: 00:15:58

Health: 0/60       AC:  4    Str: 26    XL:     7   Next: 62%
Magic:  16/16      EV:  8    Int:  8    God:    Ashenzari [......]
Gold:   224        SH: 10    Dex: 10    Spells: 6/6 levels left

rFire    . . .     SeeInvis .   a - +1 war axe (curse)
rCold    . . .     Gourm    .   c - +0 shield (curse)
rNeg     . . .     Faith    .   b - +1 scale mail (curse)
rPois    .         Spirit   .   (no helmet)
rElec    .         Reflect  .   (no cloak)
rCorr    .         Harm     .   (no gloves)
MR       .....                  (no boots)
Stlth    ..........             (no amulet)
HPRegen  0.20/turn              l - ring of magical power (curse)
MPRegen  0.15/turn              z - -4 ring of protection (curse)

@: mighty
A: no striking features
a: Curse Item, Renounce Religion


You were on level 5 of the Dungeon.
You worshipped Ashenzari.
Ashenzari was noncommittal.
You were full.

You visited 1 branch of the dungeon, and saw 5 of its levels.

You collected 264 gold pieces.
You spent 40 gold pieces at shops.

Inventory:

Hand Weapons
 a - a cursed +1 war axe (weapon)
Missiles
 e - 7 javelins of returning (quivered)
Armour
 b - a cursed +1 scale mail (worn)
 c - a cursed +0 shield (worn)
 m - a +0 ring mail
 t - a +2 large shield
Jewellery
 l - a cursed ring of magical power (left hand)
 y - a cursed -3 ring of evasion
 z - a cursed -4 ring of protection (right hand)
Scrolls
 g - a scroll of immolation {unknown}
 j - 3 scrolls of blinking
 q - 2 scrolls of teleportation {unknown}
 r - 4 scrolls of identify
 u - a scroll of enchant weapon
 x - a scroll of vulnerability {unknown}
Potions
 h - 2 potions of lignification {unknown}
 i - 4 potions of mutation {unknown}
 k - 3 potions of agility {unknown}
 n - a potion of curing {unknown}
 o - a potion of haste {unknown}
 p - a potion of brilliance {unknown}
 s - 3 potions of heal wounds {unknown}
 v - a potion of flight {unknown}
Comestibles
 f - 7 rations
 w - a chunk of flesh


   Skills:
 + Level 4.3 Fighting
 * Level 7.5 Axes
 * Level 5.3 Armour
 + Level 0.9 Dodging
 * Level 5.3 Shields


You had 6 spell levels left.
You didn't know any spells.

Dungeon Overview and Level Annotations

Branches:
Dungeon (5/15)             Temple (0/1) D:4

Altars:
Ashenzari
Cheibriados
Kikubaaqudgha
Nemelex Xobeh
Okawaru
The Shining One

Shops:
D:5 =

Annotations:
D:5 Greboboi's ghost, amateur HOFi


Message History

Greboboi's ghost is too close now for your liking.
You feel very mighty all of a sudden.
Greboboi's ghost shrieks, "You must not fail where I succeeded!"
You slash Greboboi's ghost!
Greboboi's ghost is lightly damaged.
Greboboi's ghost hits you!
You slash Greboboi's ghost!
Greboboi's ghost is moderately damaged.
Greboboi's ghost hits you!
You slash Greboboi's ghost!
Greboboi's ghost is heavily damaged.
Greboboi's ghost hits you. Greboboi's ghost hits you!
You slash Greboboi's ghost!
Greboboi's ghost is severely damaged.
Greboboi's ghost hits you!
* * * LOW HITPOINT WARNING * * *
Your shield prevents you from hitting Greboboi's ghost.
Greboboi's ghost is severely damaged.
Greboboi's ghost hits you!
You die...

######..........#.....><..#
#...............####+######
#.####..........# #.# #.#
##.##.......# #.#
#.###...######'## #.# #####
#.##.....#####.## #.# #...#
#.#.......#.....# #.# #...#
#....._.....###.## #.# #...#
###.......#.###@.###.###...#
##.....##.##.W...........#####
##...##..##.............'...#
##.##..###.............###.#
#....## #.............# #<#
###### #...........### ###
#####.......# #...###.####
#..<..#....#


You could see Greboboi's ghost.

Vanquished Creatures
  A water moccasin (D:5)
  An ogre (D:5)
  3 hounds (D:4)
  An orc priest (D:5)
  2 orc wizards
  5 worker ants (D:5)
  7 adders
  A shadow imp (D:5)
  3 oozes (D:1)
  A worm (D:2)
  3 dart slugs
  7 leopard geckos
  8 orcs
  5 bats
  5 giant cockroaches
  15 goblins
  12 hobgoblins
  11 jackals
  3 quokkas
  10 frilled lizards
  A jackal skeleton (D:5)
  A jackal zombie (D:5)
  3 kobolds
  4 rats
  A butterfly (D:3)
  A plant (D:3)
115 creatures vanquished.

Notes
Turn   | Place    | Note
-------+----------+-------------------------------------------
     0 | D:1      | Greboboi the Hill Orc Fighter began the quest for the Orb.
     0 | D:1      | Reached XP level 1. HP: 19/19 MP: 1/1
   116 | D:1      | Reached XP level 2. HP: 24/27 MP: 2/2
   130 | D:1      | Reached skill level 3 in Axes
   221 | D:1      | Reached XP level 3. HP: 33/33 MP: 3/3
  1060 | D:2      | Reached XP level 4. HP: 32/40 MP: 4/4
  1086 | D:2      | Found an iron altar of Okawaru.
  1093 | D:2      | Reached skill level 4 in Axes
  1647 | D:2      | Found a sparkling altar of Nemelex Xobeh.
  1647 | D:2      | Found a shattered altar of Ashenzari.
  1663 | D:2      | Became a worshipper of Ashenzari the Shackled
  1698 | D:2      | Found an iron altar of Okawaru.
  1958 | D:3      | Reached XP level 5. HP: 46/46 MP: 5/5
  2295 | D:3      | Reached skill level 5 in Axes
  2682 | D:4      | Found a staircase to the Ecumenical Temple.
  2878 | D:4      | Found a glowing golden altar of the Shining One.
  3028 | D:4      | Reached XP level 6. HP: 41/52 MP: 6/6
  3069 | D:4      | Reached skill level 6 in Axes
  3420 | D:5      | Entered Level 5 of the Dungeon
  3592 | D:5      | Reached skill level 5 in Shields
  3601 | D:5      | Found an ancient bone altar of Kikubaaqudgha.
  3727 | D:5      | Found Kaositaf's Jewellery Boutique.
  3733 | D:5      | Bought a cursed -3 ring of evasion for 20 gold pieces
  3733 | D:5      | Bought a cursed -4 ring of protection for 20 gold pieces
  3743 | D:5      | Reached XP level 7. HP: 48/59 MP: 7/7
  3759 | D:5      | Reached skill level 7 in Axes
  3759 | D:5      | Reached skill level 5 in Armour
  3879 | D:5      | Noticed Greboboi's ghost (amateur HOFi)
  4168 | D:5      | Found a snail-covered altar of Cheibriados.
  4646 | D:5      | Slain by Greboboi's ghost

Skill      XL: |  1  2  3  4  5  6  7 |
---------------+----------------------+-----
Axes           | 3 4 5 6 7 |  7.5
Shields        | 4 5 |  5.3
Fighting       | 4 |  4.3
Armour         | 4 5 |  5.3
Dodging        | |  0.9

Action                   |  1- 3 |  4- 6 |  7- 9 || total
-------------------------+-------+-------+-------++-------
Melee: War axe           |   105 |   247 |    46 ||   398
Invok: Curse Item        |       |     3 |       ||     3
  Use: Scroll            |       |     5 |       ||     5
       Potion            |       |       |     1 ||     1
  Eat: Chunk             |     1 |     7 |       ||     8
       Ration            |       |     3 |       ||     3
Armor: Scale mail        |    59 |   104 |     4 ||   167
Dodge: Dodged            |    41 |    73 |    10 ||   124
Block: Shield            |    59 |   120 |    24 ||   203
